Cogmind - Beta 16.1 @@@ ROGUE MODE // 2026.03.26 @ 14:59:16 Player: H3-MLN Result: Destroyed by H-61 Shepherd with Heavy Assault Cannon Performance ------------- Evolutions (3) 1500 Regions Visited (9) 1800 Robots Destroyed (108) 540 Value Destroyed (4424) 4424 Prototype IDs (48) 960 Alien Tech Used (0) 0 Bonus (3085) 3085 TOTAL SCORE: 12309 Bonus ------- High Alert Combat Kills 462 Follower Combat Kills 579 Entered Garrisons 400 Used RIF Installer 1500 Aligned with FarCom 300 Friendly Fire -156 Cogmind --------- Core Integrity 0/700 Matter 262/300 Energy 198/200 System Corruption 8% Temperature Cool (4) Movement Hovering (69) Location -7/Factory Parts ------- > --- POWER (2) -------- Micro Nuclear Core Light Angular Momentum Engine > --- PROPULSION (5) --- Backup Propulsion I Backup Propulsion I Combat Airjet Combat Airjet > --- UTILITY (4) ------ Experimental Signal Interpreter Transmission Jammer Hacking Suite Relay Coupler [NC] (29) > --- WEAPON (2) ------- Improved Datajack Plasma Sword > --- INVENTORY (5) ---- Experimental Sensor Array PSU Rigger Smartbomb Launcher Plasma Sword Peak State ------------ > --- POWER ------------ Improved Ion Engine > --- PROPULSION ------- Combat Airjet Combat Airjet Combat Airjet Gravmag Array > --- UTILITY ---------- High-capacity Storage Unit Core Analyzer Layered Medium Armor Plating Hacking Suite > --- WEAPON ----------- Powered Hammer Plasma Sword > --- INVENTORY -------- Combat Airjet Combat Airjet Gravmag Array High-capacity Matter Pod Experimental Sensor Array Advanced ECM Suite Hacking Suite Relay Coupler [NC] Relay Coupler [Heavy] Relay Coupler [Behemoth] Trap Extractor PSU Rigger Minigun Advanced EMP Blaster Mini Grenade Launcher Improved Datajack [Rating: 58] Favorites ----------- Power Light Deuterium Engine Engine Light Deuterium Engine Power Core Micro Nuclear Core Propulsion Combat Airjet Treads Advanced Treads Wheel Wheel Hover Unit Combat Airjet Flight Unit Improved VTOL Module Utility Hacking Suite Device Seismic Detector Storage High-capacity Storage Unit Processor Core Analyzer Hackware Hacking Suite Protection Improved Light Armor Plating Weapon Minigun Energy Gun Beamcaster Energy Cannon Beam Cannon Ballistic Gun Minigun Ballistic Cannon Flak Cannon Launcher Mini Grenade Launcher Impact Weapon Powered Hammer Slashing Weapon Plasma Sword Special Melee Weapon Improved Datajack Build | -11 -10 -10 -10 -9 -8 -8 -8 -8 -7 ------- Run | Yrd Mat Min Exi Min Mat Gar Mat Gar Fac Slots Evolved 6 | . . . . . 4 . . . 2 Power 1 | . . . . . . . . . 1 Propulsion 3 | . . . . . 2 . . . 1 Utility 2 | . . . . . 2 . . . . Weapon . | . . . . . . . . . . Parts Attached 85 | 7 6 8 2 . 18 16 . 4 24 Power 10 | 1 1 1 . . 2 . . 1 4 Engine 9 | 1 1 1 . . 2 . . 1 3 Core 1 | . . . . . . . . . 1 Reactor . | . . . . . . . . . . Propulsion 26 | 2 2 2 . . 10 6 . . 4 Treads 8 | . 2 2 . . 3 1 . . . Leg . | . . . . . . . . . . Wheel 8 | 2 . . . . 4 2 . . . Hover 9 | . . . . . 2 3 . . 4 Flight 1 | . . . . . 1 . . . . Utility 32 | 2 2 2 1 . 4 7 . 3 11 Device 7 | 1 . . . . . 1 . 1 4 Storage 5 | 1 2 . 1 . 1 . . . . Processor 3 | . . . . . . . . . 3 Hackware 12 | . . . . . 2 4 . 2 4 Protection 5 | . . 2 . . 1 2 . . . Artifact . | . . . . . . . . . . Weapon 17 | 2 1 3 1 . 2 3 . . 5 Energy Gun 2 | 1 . . . . 1 . . . . Energy Cannon 1 | . 1 . . . . . . . . Ballistic Gun 4 | 1 . 1 . . 1 1 . . . Ballistic Cannon 1 | . . 1 . . . . . . . Launcher 3 | . . 1 . . . . . . 2 Special Weapon . | . . . . . . . . . . Impact Weapon 2 | . . . . . . 1 . . 1 Slashing Weapon 2 | . . . . . . . . . 2 Piercing Weapon . | . . . . . . . . . . Special Melee Weapon 2 | . . . 1 . . 1 . . . Unidentified Prototypes 7 | . . . . . 2 . . . 5 Parts Lost 10 | . . . . . 1 . . . 9 Power 2 | . . . . . 1 . . . 1 Propulsion 5 | . . . . . . . . . 5 Utility 1 | . . . . . . . . . 1 Weapon 2 | . . . . . . . . . 2 Highest Loss Streak 8 | . . . . . 1 . . . 8 To Critical Strikes . | . . . . . . . . . . Average Backups 17 | 2 9 15 16 17 19 22 19 18 13 Power . | . . . . . . . . . . Propulsion 4 | 1 2 3 4 4 7 6 4 4 1 Utility 8 | . 4 6 8 9 9 11 11 11 8 Weapon 2 | . 1 3 3 3 2 3 3 2 3 Tool/Special . | . . . . . . . . . . Unused Backups 26 | . 2 4 . 3 4 3 . 3 7 Power 1 | . 1 . . . . . . . . Propulsion 4 | . . 1 . 1 1 1 . . . Utility 14 | . 1 . . 2 1 2 . 2 6 Weapon 7 | . . 3 . . 2 . . 1 1 Tool/Special . | . . . . . . . . . . Average Slot Usage (%) 95 | . 100 100 100 100 99 96 90 90 79 Engine 11 | . 14 14 14 14 8 9 9 9 11 Treads 10 | . 11 9 14 14 17 14 . . . Wheel 12 | . 16 18 14 14 17 15 . . . Hover 7 | . . . . . . 4 27 27 26 Device 2 | . 14 2 . . . 1 . . 1 Storage 10 | . 14 14 14 14 9 9 9 9 5 Hackware 10 | . . . . . 17 15 18 20 16 Protection 7 | . . 11 14 14 9 8 9 6 . Energy Gun 2 | . 12 . . . 6 3 . . . Energy Cannon 2 | . 1 8 . 8 . . . . . Ballistic Gun 7 | . 14 13 . . 8 11 18 10 . Ballistic Cannon 3 | . . 5 14 14 2 . . . . Impact Weapon 1 | . . . . . . 2 . 5 2 Special Melee Weapon 2 | . . . 13 . . . . 2 5 Peak Build Rating 58 | 7 9 21 21 22 39 50 48 49 58 Average Rating 31 | 4 8 16 19 21 35 38 48 48 46 On Entrance 25 | . 7 9 21 20 21 37 48 48 48 Avg Prop Armor Cover (%) 10 | . 5 7 9 9 13 14 . . 5 Naked Turns . | . . . . . . . . . . Heaviest Build 115 | 12 31 37 55 57 106 115 64 64 61 Greatest Support 60 | 20 20 20 10 10 24 44 44 44 60 Greatest Overweight (x) 6 | . 1 3 5 5 6 4 1 1 2 Average Overweight (x) 2 | . . 1 4 5 3 3 1 1 . Largest Inventory Capacity 25 | 8 15 15 20 20 25 25 20 20 20 Average Capacity 19 | 6 12 15 19 20 23 24 20 20 17 Most Carried 25 | 4 15 15 18 20 25 25 20 20 20 Average Carried 18 | 2 9 14 16 18 23 23 20 19 14 Final Capacity 25 | 8 15 15 20 20 25 20 20 20 5 Final Carried 25 | 4 15 15 17 20 25 20 20 20 5 Class Distribution -------------------- 43% | Mutant 24% | Bothacker-Mutant 23% | Hacker-Mutant 8% | Scavenger-Mutant Dominant Class ---------------- Mutant | -10/Materials Mutant | -10/Mines Mutant | -10/Exiles Mutant | -9/Mines Hacker-Mutant | -8/Materials Bothacker-Mutant | -8/Garrison Bothacker-Mutant | -8/Materials Bothacker-Mutant | -8/Garrison Scavenger-Mutant | -7/Factory Resources | -11 -10 -10 -10 -9 -8 -8 -8 -8 -7 ----------- Run | Yrd Mat Min Exi Min Mat Gar Mat Gar Fac Matter Collected 3327 | 218 392 434 27 52 466 746 . 378 614 Remotely . | . . . . . . . . . . Salvage Created 3185 | 22 438 181 . 74 669 473 . 372 956 Parts 215 | 2 26 15 . 10 49 36 . 30 47 Haulers Intercepted 3 | . 1 . . . 2 . . . . Recyclers Shooed 3 | . 2 . . . . . . . 1 Parts Field Recycled . | . . . . . . . . . . Retrieved Matter . | . . . . . . . . . . Parts Self-Destructed . | . . . . . . . . . . Prevented . | . . . . . . . . . . Parts Restored . | . . . . . . . . . . Kills | -11 -10 -10 -10 -9 -8 -8 -8 -8 -7 ------- Run | Yrd Mat Min Exi Min Mat Gar Mat Gar Fac Combat Hostiles Destroyed 81 | . 6 10 . 3 10 23 . 10 19 Melee 5 | . . . . . . . . . 5 Guns 30 | . 6 2 . . 5 10 . 7 . Cannons 5 | . . 2 . 1 2 . . . . AOE 40 | . . 6 . 2 3 13 . 3 13 Classes Destroyed 16 | 1 5 2 . 1 2 2 . . 3 Worker 4 | . . . . 2 2 . . . . Builder 5 | . . . . . 3 . . . 2 Tunneler 2 | 1 . . . . 1 . . . . Hauler 3 | . 1 . . . 2 . . . . Recycler 1 | . . 1 . . . . . . . Mechanic 3 | . 1 . . . . . . . 2 Operator 1 | . 1 . . . . . . . . Watcher 3 | . 2 . . . 1 . . . . Swarmer 33 | . . 9 . 3 3 12 . 4 2 Grunt 26 | . 6 1 . 1 4 4 . 2 8 Sentry 11 | . . . . . 4 6 . 1 . Demolisher 1 | . . . . . . 1 . . . Specialist 4 | . . . . . . . . . 4 Hunter 2 | . . . . . . . . . 2 Programmer 7 | . . . . . . 1 . 3 3 Heavy 1 | . . . . . . . . . 1 Thug 1 | . . . . . 1 . . . . Best Kill Streak 9 | 1 2 3 . 3 7 9 . 5 9 Combat Bots Only 9 | . 2 3 . 3 4 9 . 5 8 Max Kills in Single Turn 6 | 1 1 2 . 1 6 3 . 3 4 Gunslinging . | . . . . . . . . . . Exploded 3 | . . 2 . 1 3 3 . 3 3 Melee 1 | . . . . . . . . . 1 Uniques/NPCs Destroyed . | . . . . . . . . . . Combat | -11 -10 -10 -10 -9 -8 -8 -8 -8 -7 -------- Run | Yrd Mat Min Exi Min Mat Gar Mat Gar Fac Hostile Shots Fired 414 | . 27 21 . . 25 74 . 28 239 Missed 129 | . 4 6 . . 8 23 . 9 79 Hits 285 | . 23 15 . . 17 51 . 19 160 Projectile 285 | . 23 15 . . 17 51 . 19 160 AOE 3 | . . . . . . 3 . . . Critical Strikes 6 | . . . . . . 1 . . 5 Part Disruptions 1 | . . 1 . . . . . . . Damage Taken 4267 | . 307 172 . 20 333 859 . 357 2219 Core 950 | . 26 24 . . 31 78 . 53 738 Absorbed by Shields . | . . . . . . . . . . Regen/Repaired (Parts) 1 | . . . . . . . . . 1 Core Remaining (%) 83 | 100 . . . 80 . . . 70 . Volleys Fired 229 | 1 49 17 . 7 36 62 . 42 15 Largest 2 | 2 2 2 . 1 2 2 . 2 1 Hottest 100 | 60 60 85 . 60 100 100 . 50 46 Shots Fired 364 | 2 98 30 . 7 66 89 . 58 14 Gun 301 | 2 98 13 . . 49 80 . 57 2 Cannon 33 | . . 13 . 5 15 . . . . Launcher 30 | . . 4 . 2 2 9 . 1 12 Special . | . . . . . . . . . . Kinetic 219 | 1 49 16 . 2 47 45 . 57 2 Thermal 115 | 1 49 10 . 3 17 35 . . . Explosive 28 | . . 4 . 2 2 9 . 1 10 Electromagnetic 2 | . . . . . . . . . 2 Robot Hit Streak 12 | 2 10 3 . 3 4 12 . 10 2 Robot Miss Streak 7 | . 5 3 . 3 7 2 . 2 1 Penetration Max . | . . . . . . . . . . Secondary Targets 2 | . 1 . . . . . . 1 . Max Gunslinging Chain 1 | . 1 . . . . . . 1 . Shots Hit Robots 265 | 2 67 13 4 5 40 50 . 47 37 Core Hits 179 | 1 25 14 . 7 46 31 . 20 35 Critical Kills . | . . . . . . . . . . Critical Parts Destroyed 2 | . . . . . . . . 1 1 Critical Strikes 6 | . . . . . 1 1 . 1 3 Burn 2 | . . . . . 1 1 . . . Destroy 1 | . . . . . . . . 1 . Smash 1 | . . . . . . . . . 1 Sever 2 | . . . . . . . . . 2 Melee Attacks 109 | . . . 4 . . 23 . 31 51 Impact 53 | . . . . . . 15 . 25 13 Slashing 27 | . . . . . . . . . 27 Piercing . | . . . . . . . . . . Sneak Attacks 26 | . . . 4 . . 6 . 1 15 Combat Hostiles . | . . . . . . . . . . Follow-up Attacks . | . . . . . . . . . . Damage Inflicted 7992 | 25 790 578 . 421 1216 1807 . 862 2293 Guns 3023 | 25 790 103 . . 499 832 . 757 17 Cannons 444 | . . 117 . 84 243 . . . . Explosions 3431 | . . 358 . 337 474 925 . 105 1232 Melee 1094 | . . . . . . 50 . . 1044 Ramming . | . . . . . . . . . . Kinetic 2285 | 15 420 129 . 32 457 458 . 757 17 Thermal 1342 | 10 370 91 . 52 285 374 . . 160 Explosive 2898 | . . 358 . 337 264 925 . 105 909 Electromagnetic 373 | . . . . . 210 . . . 163 Impact 301 | . . . . . . 50 . . 251 Slashing 793 | . . . . . . . . . 793 Piercing . | . . . . . . . . . . Highest Corruption 8 | . . . . . 1 1 1 1 8 Average Corruption 1 | . . . . . 1 1 1 1 6 Corruption Purged . | . . . . . . . . . . Corruption Blocked . | . . . . . . . . . . Effects 54 | . . . . . 11 18 . 5 20 Message Errors 12 | . . . . . 5 1 . . 6 Matter Fused 10 | . . . . . 4 2 . . 4 Heat Flow Errors 7 | . . . . . 2 2 . . 3 Energy Discharges 4 | . . . . . . 1 . 2 1 Parts Rejected 2 | . . . . . . 1 . . 1 Data Loss (minor) 11 | . . . . . . 6 . 2 3 Data Loss (major) 3 | . . . . . . 2 . 1 . Misfires 1 | . . . . . . 1 . . . Alerts 2 | . . . . . . 1 . . 1 Weapon Failures 2 | . . . . . . 1 . . 1 Overload Shots . | . . . . . . . . . . Overflow Damage 254 | . . 23 . 39 . 74 . . 118 Projectiles . | . . . . . . . . . . Explosions 156 | . . 23 . 39 . 74 . . 20 Melee 98 | . . . . . . . . . 98 Knockbacks 12 | . . 3 . 1 8 . . . . Impact . | . . . . . . . . . . Kinetic 12 | . . 3 . 1 8 . . . . Secondary . | . . . . . . . . . . Self-Inflicted Damage 296 | . . 49 . 20 129 68 . . 30 Shots 9 | . . 1 . 1 3 2 . . 2 Rammed . | . . . . . . . . . . Targets Rammed . | . . . . . . . . . . Kicked . | . . . . . . . . . . Crushed . | . . . . . . . . . . Highest Temperature 306 | . 81 72 . 26 270 306 . 215 202 Average Temperature 61 | . 34 23 . 11 63 95 . 61 68 Received Heat Transfer 1066 | . 174 46 . . 63 234 . 99 450 Effects 3 | . . . . . . 2 . 1 . Energy Bleed 1 | . . . . . . 1 . . . Interference 2 | . . . . . . 1 . 1 . Siege Activations . | . . . . . . . . . . Martial Activations . | . . . . . . . . . . Shielding Activations . | . . . . . . . . . . Robots Disrupted . | . . . . . . . . . . Combat Hostiles . | . . . . . . . . . . Robots Corrupted 1 | . . . . . . . . . 1 Combat Hostiles 1 | . . . . . . . . . 1 Parts Fried 2 | . . . . . . . . . 2 Impact Corruptions 2 | . . . . . . . . . 2 Robots Melted . | . . . . . . . . . . Combat Hostiles . | . . . . . . . . . . Parts Melted 6 | . . . . . 1 3 . . 2 Heat Transferred 2517 | 25 825 185 . 111 555 666 . . 150 Parts Sabotaged . | . . . . . . . . . . Parts Stolen . | . . . . . . . . . . Parts Stripped . | . . . . . . . . . . Power Chain Reactions 3 | . . . . . 1 . . . 2 Alert | -11 -10 -10 -10 -9 -8 -8 -8 -8 -7 ------- Run | Yrd Mat Min Exi Min Mat Gar Mat Gar Fac Maximum Alert Level 4 | . . 1 . . . 4 2 3 3 Low Security (%) 56 | 100 100 80 . 100 100 21 . . . Level 1 9 | . . 19 . . . 7 . 14 24 Level 2 13 | . . . . . . 17 100 27 46 Level 3 18 | . . . . . . 44 . 57 29 Level 4 1 | . . . . . . 9 . . . Level 5 . | . . . . . . . . . . High Security . | . . . . . . . . . . Max Security . | . . . . . . . . . . Peak Influence 1240 | 5 84 264 . 106 183 1240 604 895 817 Initial 604 | . . 9 . . . . 604 386 469 Average 294 | . 16 89 . 14 55 609 602 668 541 Influence Increases 4056 | 5 214 371 . 123 482 1300 . 569 992 Destroy 0b10 Robot/C 1960 | . 120 240 . 60 220 560 . 320 440 Destroy 0b10 Robot/NC 145 | 5 25 5 . 10 65 5 . 10 20 Destroy Leader 296 | . 36 40 . 10 70 20 . 30 90 Allied During Kill 135 | . . 33 . 7 14 38 . 34 9 Trap Triggered on 0b10 40 | . . . . . . . . . 40 Successful Hack 172 | . 17 . . 6 27 61 . . 61 Disable Machine 180 | . 15 30 . 15 45 . . 45 30 Anti-Garrison Action 450 | . . . . . . 400 . 50 . Destroy Structure 333 | . 1 23 . 15 26 111 . 50 107 Partial Spotted 15 | . . . . . . . . 15 . Lose Combat Pursuer 330 | . . . . . 15 105 . 15 195 Influence Decreases 3267 | 5 189 255 141 123 482 60 646 268 1098 Entered New Map 1427 | . . 16 141 . . . 636 208 426 Time Decay 1503 | 5 189 239 . 123 455 . 10 . 482 Lost Part 100 | . . . . . 10 . . . 90 Lost Ally 237 | . . . . . 17 60 . 60 100 Squads Dispatched 11 | . 2 1 . . 1 . . . 7 Investigation 1 | . . 1 . . . . . . . Extermination 2 | . . . . . . . . . 2 Reinforcement 3 | . 2 . . . 1 . . . . Assault . | . . . . . . . . . . Garrison 5 | . . . . . . . . . 5 Intercept . | . . . . . . . . . . Searches Triggered . | . . . . . . . . . . Construction Impeded . | . . . . . . . . . . Haulers Reinforced . | . . . . . . . . . . Active Scanning Responses . | . . . . . . . . . . Cargo Convoy Interrupts 1 | . . . . . . . . . 1 Stealth | -11 -10 -10 -10 -9 -8 -8 -8 -8 -7 --------- Run | Yrd Mat Min Exi Min Mat Gar Mat Gar Fac Distress Signals 7 | . 1 . . . 4 2 . . . Communications Jammed 8 | . . . . . . . . . 8 Distress Signals 8 | . . . . . . . . . 8 Times Spotted 146 | . 17 15 . 3 22 30 . 17 42 Peak Tracking Total 9 | . 2 7 . 2 4 7 . 4 9 Tactical Retreats 13 | . . . . . 1 3 . 1 8 Traps | -11 -10 -10 -10 -9 -8 -8 -8 -8 -7 ------- Run | Yrd Mat Min Exi Min Mat Gar Mat Gar Fac Traps Triggered 9 | . . . . . . 7 . 2 . Indirectly . | . . . . . . . . . . Trap Hack Attempts 12 | . . . . . . . . . 12 Triggered . | . . . . . . . . . . Disarmed . | . . . . . . . . . . Reprogrammed . | . . . . . . . . . . Reused 4 | . . . . . . . . . 4 Traps Extracted . | . . . . . . . . . . Installed 5 | . . . . . 1 . . . 4 Triggered 4 | . . . . . . . . . 4 Most Traps Carried 4 | . . . . 3 3 2 . 4 4 Objects Rigged 1 | . . . . . . . . . 1 Exploded 1 | . . . . . . . . . 1 Machines | -11 -10 -10 -10 -9 -8 -8 -8 -8 -7 ---------- Run | Yrd Mat Min Exi Min Mat Gar Mat Gar Fac Machines Disabled 19 | . 1 2 . 1 3 6 . 4 2 Max in Single Turn 2 | . 1 2 . 1 2 1 . 1 2 Garrison Access 1 | . . . . . . . . . 1 Garrison Relay 7 | . . . . . . 6 . 1 . Machines Repaired . | . . . . . . . . . . Machines Dismantled . | . . . . . . . . . . Machines Sabotaged . | . . . . . . . . . . Overloaded Fab Kills . | . . . . . . . . . . Hacking | -11 -10 -10 -10 -9 -8 -8 -8 -8 -7 --------- Run | Yrd Mat Min Exi Min Mat Gar Mat Gar Fac Machines Accessed 35 | . 4 3 2 1 10 4 1 1 9 Terminals 20 | . 3 1 . 1 7 4 . 1 3 Fabricators 1 | . . . . . . . . . 1 Repair Stations 2 | . . . . . . . . . 2 Recycling Units 3 | . 1 . . . 1 . . . 1 Scanalyzers 2 | . . . . . 1 . . . 1 Garrison Access 3 | . . . . . 1 . 1 . 1 Total Hacks 100 | . 10 5 5 4 37 12 2 1 24 Successful 59 | . 5 3 5 1 25 6 1 . 13 Failed 39 | . 5 2 . 3 11 6 1 1 10 Catastrophic 7 | . 1 . . 1 1 2 . 1 1 Database Lockouts 2 | . . . . . 1 . . . 1 Manual 51 | . 6 3 1 4 22 7 1 1 6 Terminals 64 | . 9 3 . 4 30 12 . 1 5 Fabricators 3 | . . . . . . . . . 3 Repair Stations 6 | . . . . . . . . . 6 Recycling Units 7 | . 1 . . . 3 . . . 3 Scanalyzers 7 | . . . . . 2 . . . 5 Garrison Access 6 | . . . . . 2 . 2 . 2 Terminal Hacks 27 | . 4 3 5 1 10 4 . . . Record 4 | . . . 4 . . . . . . Part Schematic 2 | . 1 1 . . . . . . . Robot Analysis 5 | . 2 . . 1 2 . . . . Open Door 3 | . . 2 . . . 1 . . . Emergency Access Points 1 | . . . . . . 1 . . . Terminal Index 1 | . . . . . 1 . . . . Scanalyzer Index 1 | . . . . . 1 . . . . Garrison Index 1 | . . . . . 1 . . . . Locate Traps 1 | . 1 . . . . . . . . Hauler Manifests 1 | . . . . . 1 . . . . Registered Components 1 | . . . . . 1 . . . . Registered Prototypes 1 | . . . . . 1 . . . . Zone Layout 2 | . . . . . 2 . . . . Garrison Registry 1 | . . . . . . 1 . . . Patrol Navigation 1 | . . . . . . 1 . . . Proto ID Catalog 1 | . . . 1 . . . . . . Fabricator Hacks 1 | . . . . . . . . . 1 Network Status 1 | . . . . . . . . . 1 Repair Station Hacks 3 | . . . . . . . . . 3 Scan Component 2 | . . . . . . . . . 2 Refit 1 | . . . . . . . . . 1 Recycling Unit Hacks 2 | . 1 . . . 1 . . . . Report Inventory 2 | . 1 . . . 1 . . . . Scanalyzer 4 | . . . . . 2 . . . 2 Insert Component 2 | . . . . . 1 . . . 1 Analyze 1 | . . . . . 1 . . . . Retrieve Study 1 | . . . . . . . . . 1 Garrison Access Hacks 4 | . . . . . 1 . 1 . 2 Unlock Access 2 | . . . . . 1 . 1 . . Seal Access 1 | . . . . . . . . . 1 Coupler Status 1 | . . . . . . . . . 1 Unauthorized Hacks 18 | . . . . . 11 2 . . 5 Terminals 11 | . . . . . 9 2 . . . Track 3 | . . . . . 2 1 . . . Botnet 3 | . . . . . 2 1 . . . Skim 5 | . . . . . 5 . . . . Fabricators 2 | . . . . . . . . . 2 Report 1 | . . . . . . . . . 1 Haulers 1 | . . . . . . . . . 1 Repair Stations . | . . . . . . . . . . Recycling Units 5 | . . . . . 2 . . . 3 Reject 1 | . . . . . . . . . 1 Recyclers 2 | . . . . . 1 . . . 1 Mask 2 | . . . . . 1 . . . 1 Scanalyzers . | . . . . . . . . . . Garrison Access . | . . . . . . . . . . Data Cores Recovered 2 | . . . . . 2 . . . . Used . | . . . . . . . . . . Hacking Detections 26 | . 3 1 . 1 9 3 1 1 7 Full Trace Events . | . . . . . . . . . . Feedback Events . | . . . . . . . . . . Feedback Blocked . | . . . . . . . . . . Robot Schematics Acquired . | . . . . . . . . . . Robots Built . | . . . . . . . . . . Authchips . | . . . . . . . . . . Time . | . . . . . . . . . . Total Robot Build Rating . | . . . . . . . . . . Part Schematics Acquired 3 | . 1 1 . . 1 . . . . Parts Built . | . . . . . . . . . . Authchips . | . . . . . . . . . . Time . | . . . . . . . . . . Total Part Build Rating . | . . . . . . . . . . Part Studies Acquired 1 | . . . . . . . . . 1 Parts Repaired . | . . . . . . . . . . Time . | . . . . . . . . . . Parts Recycled . | . . . . . . . . . . Recycled Matter . | . . . . . . . . . . Retrieved Matter . | . . . . . . . . . . Retrieved Components . | . . . . . . . . . . Parts Scanalyzed 1 | . . . . . 1 . . . . Part Schematics Acquired 1 | . . . . . 1 . . . . Parts Damaged . | . . . . . . . . . . Bothacking | -11 -10 -10 -10 -9 -8 -8 -8 -8 -7 ------------ Run | Yrd Mat Min Exi Min Mat Gar Mat Gar Fac Used RIF Installer 3 | . . . . . . 1 . 2 . Hotswap 1 | . . . . . . . . 1 . Structural Interface 1 | . . . . . . . . 1 . Robots Hacked 20 | . . . 4 . . 2 . 5 9 Non-combat 9 | . . . 3 . . . . . 6 Combat 11 | . . . 1 . . 2 . 5 3 Robot Hacks Applied 21 | . . . 4 . . 2 . 5 10 parse_system 5 | . . . 4 . . . . . 1 drop_inventory 2 | . . . . . . . . . 2 ignore_parts 1 | . . . . . . . . . 1 scatter_targeting 1 | . . . . . . . . 1 . overload_power 1 | . . . . . . . . . 1 reboot_system 1 | . . . . . . . . 1 . overwrite_iff 2 | . . . . . . 1 . 1 . streamctrl_high 2 | . . . . . . . . . 2 formatsys_low 1 | . . . . . . . . . 1 formatsys_high 5 | . . . . . . 1 . 2 2 Relay Couplers Released 37 | . . . . . . 28 . 8 1 Machine Destruction 30 | . . . . . . 24 . 5 1 Programmers 7 | . . . . . . 4 . 3 . Attached 8 | . . . . . . 2 . 2 4 Fabnet Peak Effective % . | . . . . . . . . . . Robots Rewired 3 | . . . . . . 3 . . . Allies Hacked . | . . . . . . . . . . Hacks Repelled . | . . . . . . . . . . Allies | -11 -10 -10 -10 -9 -8 -8 -8 -8 -7 -------- Run | Yrd Mat Min Exi Min Mat Gar Mat Gar Fac Total Allies 20 | . . 3 . 2 . 7 . 3 5 Largest Group 4 | . . 3 3 3 3 4 2 2 4 Highest-Rated Group 107 | . . 40 40 68 68 77 45 45 107 Highest-Rated Ally 107 | . . 16 16 31 31 31 29 29 107 Total Orders 2 | . . . . . . . . . 2 STAY 1 | . . . . . . . . . 1 AID 1 | . . . . . . . . . 1 Ally Attacks 147 | . . 9 . 5 24 51 . 32 26 Total Damage 2217 | . . 129 . 22 305 564 . 493 704 Kills 22 | . . 2 . . 5 6 . 6 3 Allies Corrupted . | . . . . . . . . . . Allies Melted . | . . . . . . . . . . Intel | -11 -10 -10 -10 -9 -8 -8 -8 -8 -7 ------- Run | Yrd Mat Min Exi Min Mat Gar Mat Gar Fac Active Infowar (turns) 1210 | 27 789 171 . . . . . . 223 Seismic 987 | 27 789 171 . . . . . . . Machine Analysis 67 | . . . . . . . . . 67 Jamming 156 | . . . . . . . . . 156 Robot Analysis Total 5 | . 2 . . 1 2 . . . . Derelict Logs Recovered 2 | . . 1 . 1 . . . . . Drone Launches . | . . . . . . . . . . Drone Recoveries . | . . . . . . . . . . Exploration | -11 -10 -10 -10 -9 -8 -8 -8 -8 -7 ------------- Run | Yrd Mat Min Exi Min Mat Gar Mat Gar Fac Turns Passed 8634 | 67 789 1022 645 921 1612 1514 22 785 1257 Spaces Moved 4974 | 65 296 767 423 537 771 771 16 384 944 Core 9 | 9 . . . . . . . . . Treads 291 | . 244 47 . . . . . . . Legs . | . . . . . . . . . . Wheels 3172 | 56 52 720 423 537 771 613 . . . Hover 1502 | . . . . . . 158 16 384 944 Flight . | . . . . . . . . . . Fastest Speed 50 | 50 80 95 125 155 110 120 129 129 65 Average Speed 127 | 75 177 118 149 155 138 145 129 129 72 Slowest Speed 240 | 80 240 240 155 155 170 192 129 129 217 Overloaded Moves . | . . . . . . . . . . Propulsion Burnouts . | . . . . . . . . . . Robots Hopped . | . . . . . . . . . . Potential Cave-ins . | . . . . . . . . . . Cave-ins Triggered . | . . . . . . . . . . Exploration Rate (%) 57 | 4 58 97 89 88 60 88 4 57 27 Regions Visited 9 Branch Regions 3 Pre-discovered Areas 3 | . . . 1 . 2 . . . . Known Exits Taken 2 | . . . . . 1 . 1 . . Unknown Exits Taken 5 | 1 1 1 1 1 . . . . . Scrap Searched 2 | . . 1 . 1 . . . . . Spaces Dug 108 | . . 16 . 20 21 30 . 12 9 Terrain Destroyed 302 | . . 38 . 20 21 54 . 23 146 Melee 25 | . . . . . . 5 . 11 9 Projectile 3 | . . . . . . 2 . 1 . AOE 274 | . . 38 . 20 21 47 . 11 137 Terrain Rammed . | . . . . . . . . . . Walls Destroyed . | . . . . . . . . . . Machines Disabled . | . . . . . . . . . . Actions | -11 -10 -10 -10 -9 -8 -8 -8 -8 -7 --------- Run | Yrd Mat Min Exi Min Mat Gar Mat Gar Fac Total 6804 | 76 465 856 434 619 1263 1048 17 582 1444 Wait 1085 | . 95 40 1 65 392 81 1 85 325 Move 4966 | 64 295 766 422 536 770 770 16 383 944 Hop . | . . . . . . . . . . Pick Up 79 | 4 13 8 3 6 18 12 . 6 9 Fast Attach 38 | 7 1 3 . . 9 5 . 1 12 Attach 34 | . . . . . 3 7 . 2 22 Detach 10 | . . . . . . . . . 10 Swap 85 | . 5 9 2 2 10 32 . 11 14 Drop 102 | . 7 13 2 3 24 23 . 7 23 Fire 229 | 1 49 17 . 7 36 62 . 42 15 Melee 109 | . . . 4 . . 23 . 31 51 Ram . | . . . . . . . . . . Kick . | . . . . . . . . . . Crush . | . . . . . . . . . . Escape Stasis 45 | . . . . . . 32 . 13 . Rewire 4 | . . . . . . 1 . 1 2 Trap 18 | . . . . . 1 . . . 17 Miscellaneous . | . . . . . . . . . . Route ------- -11/Scrapyard -10/Materials (discovered 2 exits: [*Mat] / *Min) -10/Mines (discovered 3 exits: [*Mat x2] / *Exi) -10/Exiles (discovered 2 exits: *Min x2) -9/Mines -8/Materials (discovered 4 exits: *Fac x3 / Gar) -8/Garrison (discovered 3 exits: *Mat x3) -8/Materials (discovered 4 exits: Fac x3 / Gar) -8/Garrison (discovered 3 exits: *Fac x3) -7/Factory (discovered 3 exits: *Fac x2 / Low) History --------- Turn | Location | Event 14 | -11/Scrapyard | Discovered new exit (range 14) 68 | -11/Scrapyard | Entered Materials 266 | -10/Materials | Discovered new exit (range 4) 314 | -10/Materials | Build established: Mutant 771 | -10/Materials | Discovered new exit (range 15) 857 | -10/Materials | Entered Mines 921 | -10/Mines | Assembled infested the area 988 | -10/Mines | Met 8R-AWN 1167 | -10/Mines | Discovered new exit (range 11) 1176 | -10/Mines | Discovered new exit (range 5) 1255 | -10/Mines | Discovered new exit (range 5) 1313 | -10/Mines | Assisted by bots powering up and referring to "LRC-V3" 1321 | -10/Mines | Learned location of 1 exit from Materials 1370 | -10/Mines | Met a Derelict shopkeep closing up shop 1879 | -10/Mines | Entered Exiles 1879 | -10/Exiles | Accompanied by 3 allies 1896 | -10/Exiles | Discovered new exit (range 15) 1913 | -10/Exiles | Welcomed by 8R-AWN 1934 | -10/Exiles | Met EX-HEX 2011 | -10/Exiles | Met EX-DEC 2072 | -10/Exiles | Visited The Gauntlet 2239 | -10/Exiles | Learned location of Zion (-6) 2270 | -10/Exiles | Met EX-BIN 2290 | -10/Exiles | Aligned with FarCom system 2291 | -10/Exiles | Given EX-Vault access code 2329 | -10/Exiles | Opened EX-Vault 2336 | -10/Exiles | Found PSU Rigger 2370 | -10/Exiles | Warned to stay clear of 0b10 Research branches 2511 | -10/Exiles | Discovered new exit (range 10) 2524 | -10/Exiles | Left Exiles lab with PSU Rigger 2524 | -10/Exiles | Entered Mines 2524 | -9/Mines | Accompanied by 3 allies 2571 | -9/Mines | Found a damaged Exp. Sensor Array with a note attached 2574 | -9/Mines | Found Prototype Device 2605 | -9/Mines | Discovered new exit (range 14) 3012 | -9/Mines | Found a hidden stash of uninstalled traps 3445 | -9/Mines | Entered Materials 3445 | -8/Materials | Accompanied by 3 allies 3445 | -8/Materials | Evolved 4 slots: Propulsion x2, Utility x2 3446 | -8/Materials | Identified exit to Factory 3450 | -8/Materials | Led the pair of lost Derelicts to an unsafe place 3746 | -8/Materials | Build established: Hacker-Mutant 4533 | -8/Materials | Central database locked down 4600 | -8/Materials | Discovered exit to Factory (range 5) 4607 | -8/Materials | Learned Storage stockpile data 4670 | -8/Materials | Learned Factory non-interactive machine intel 4721 | -8/Materials | Learned Factory trap positions 4789 | -8/Materials | Learned location of 3 exits from Factory 4835 | -8/Materials | Learned location of Lower Caves (-6) 4871 | -8/Materials | Learned Factory trap positions 5053 | -8/Materials | Identified exit to Garrison 5057 | -8/Materials | Entered Garrison 5067 | -8/Garrison | Triggered checkpoint 5186 | -8/Garrison | Rescued a captive Derelict 5188 | -8/Garrison | Rescued a captive Derelict 5210 | -8/Garrison | Garrison Relay disabled 5354 | -8/Garrison | Installed Relay Interface Framework 5451 | -8/Garrison | Triggered checkpoint 5527 | -8/Garrison | Destroyed 9 combat bots 5573 | -8/Garrison | Discovered new exit (range 14) 5681 | -8/Garrison | Triggered checkpoint 5714 | -8/Garrison | Garrison Relay disabled 5764 | -8/Garrison | Garrison Relay disabled 5979 | -8/Garrison | Discovered new exit (range 12) 5988 | -8/Garrison | Triggered checkpoint 6010 | -8/Garrison | Garrison Relay disabled 6075 | -8/Garrison | Triggered checkpoint 6078 | -8/Garrison | Build established: Bothacker-Mutant 6225 | -8/Garrison | Triggered checkpoint 6251 | -8/Garrison | Garrison Relay disabled 6417 | -8/Garrison | Triggered checkpoint 6433 | -8/Garrison | Triggered checkpoint 6510 | -8/Garrison | Discovered new exit (range 64) 6510 | -8/Garrison | Discovered new exit (range 60) 6510 | -8/Garrison | Discovered new exit (range 26) 6571 | -8/Garrison | Entered Materials 6571 | -8/Materials | Accompanied by 2 allies 6592 | -8/Materials | Identified exit to Garrison 6593 | -8/Materials | Entered Garrison 6593 | -8/Garrison | Accompanied by 2 allies 6693 | -8/Garrison | Triggered checkpoint 6811 | -8/Garrison | Triggered checkpoint 6926 | -8/Garrison | Garrison Relay disabled 7020 | -8/Garrison | Discovered exit to Factory (range 9) 7191 | -8/Garrison | Triggered checkpoint 7215 | -8/Garrison | Triggered checkpoint 7330 | -8/Garrison | Expanded RIF knowledge: Structural Interface 7353 | -8/Garrison | Expanded RIF knowledge: Hotswap 7378 | -8/Garrison | Entered Factory 7378 | -7/Factory | Accompanied by 2 allies 7378 | -7/Factory | Evolved 2 slots: Power x1, Propulsion x1 7379 | -7/Factory | Identified exit to Factory 7379 | -7/Factory | Identified exit to Lower Caves 7380 | -7/Factory | Loaded intel: 107 trap records 7381 | -7/Factory | Loaded intel: 260 non-interactive machine locations 7703 | -7/Factory | Garrison activated, responded to threat 7796 | -7/Factory | Lost 3 allies 8064 | -7/Factory | Cargo convoy interrupted 8118 | -7/Factory | Garrison activated, responded to threat 8172 | -7/Factory | Core integrity fell below 50% 8188 | -7/Factory | Core integrity fell below 20% 8193 | -7/Factory | Destroyed 8 combat bots 8203 | -7/Factory | Lost 8 parts (1p4n1u2w) 8243 | -7/Factory | Found Prototype Launcher 8263 | -7/Factory | Identified Smartbomb Launcher 8293 | -7/Factory | Destroyed 7 combat bots 8491 | -7/Factory | Found Prototype Processor 8491 | -7/Factory | Identified Exp. Signal Interpreter 8577 | -7/Factory | Central database locked down 8577 | -7/Factory | Identified Exp. Sensor Array 8585 | -7/Factory | Build established: Scavenger-Mutant 8635 | -7/Factory | Destroyed by H-61 Shepherd with Heavy Assault Cannon Last Messages --------------- 08561_ Acquired Cmb. Airjet. 08571_ RIF reveals location of hidden door. 08577_ VXI&CLF2VAFA31XW#BB%YDEV,YA O18 08577_ RIF reveals location of hidden door. 08577_ Connecting with Scanalyzer... >>Study(Cmb. Airjet) Identified Cmb. Airjet... Downloading performance data... Effective improvements: +1 support 08577_ ALERT: Central database lockdown, local access denied. >>Insert(Prototype Device) Scanning Exp. Sensor Array... Ready to analyze. 08594_ System corrupted: IFF burst signal emitted. 08598_ RIF reveals location of hidden door. 08609_ System corrupted: Matter fused (-8). 08623_ I-36 Angel distress signal jammed. 08629_ Connecting with Terminal... 08630_ I-36 Angel distress signal jammed. Map ----- +----------------------------------------------------+ | ?????????"""????????????????????? | | ?????????"""????????????????????? | | ????????????????????????????????? | | ?????????"""????????????????????? | | ?????????"""????????????????????? | | ?????????"""????????????????????? | | ????????????????????????????????? | | ????????????????????????????????? | | ????????????????????????????????? | | ????????????????????????????????? | | ????????????????????????????????? | | ????????????????????????????????? | | ????????????????????????????????? | | ????????????????????????????????? | | ????????????????????????######??? | | ???????????????????????? #??? | | ???????????????????????? #??? | | ????????????o??????????? < #??? | | ???????????????????????? ???? | | ???????????????????????? ???? | | ????????????????????????# #???? | | ????????????????????????# #???? | | ????????????????????????# #???? | | ????????????????? ?????; #???? | | ?????????????????"" ?"??# #???? | | ?????????????????"" ?"??#@ #???? | | ???????????????# "T "??# i #???? | | ???????????????+ "" "??# #???? | | ???????????????# "" "??# #???? | | ??????????""""?# "?## ##??? | | ??????????""""?# " # #??? | | ??????????""""?# " # "T #??? | | ??????????""""?# " + ""H #??? | | ???????????????# # #??? | | ##+##################### #??? | | # ######## ###??? | | # # ## #????? | | "" """ # # ## #????? | | "" """ # + " #????? | | "" """ + # ####????? | | # # #???????? | | "" # ## ##???????? | | "" # ## #????????? | | "" "" "" # ## +????????? | | ""S"" ########### #????????? | | """" #?????????# #????????? | | #?????????# #????????? | | ######+###?????????# #????????? | | ###### #???????????# #????????? | | # #???????????# #????????? | +----------------------------------------------------+ Best States ------------- Heat Dissipation 58 Energy Generation 28 Energy Capacity 430 Matter Stores 300 Matter Capacity 300 Sight Range 16 Terrain Scan Density 10 Jamming Range 12 Armor Coverage 600 Evasion (%) 52 Core Analysis 6 Recoil Reduction 2 Offensive Hacking 20 Relay Coupler Types 2 Relay Coupler Value 42 Authchip Count 3 Trap Extractor Capacity 4 Item Schematics ----------------- Huge Storage Unit | -10/Materials | Hacked Transport Network Coupler | -10/Mines | Hacked Cmb. Airjet | -8/Materials | Scanalyzed Robot Schematics ------------------ None Fabricated ------------ Nothing Repaired ---------- Nothing Studied --------- Cmb. Airjet | -7/Factory | Hacked Alien Tech Used ----------------- None Achievements -------------- None Challenges ------------ None Game ------ Seed IonVortexGriptreads Manual? 0 Play Time 01:40:18 Cumulative 1410.7 hours Start 2026.03.26 @ 13:10:57 End 2026.03.26 @ 14:59:16 Sessions 1 Manual Loads 0 Difficulty Rogue Special Mode None Game No. 466 Rogue 459 Adventurer 4 Explorer 3 Win Type - Total 40 Types 19/5/2/2/1/2/4/1/2/2 Lore% 97 Gallery% 94 Achievement% 87 Wizard Run 0 Options --------- Layout 0 ASCII 0 Keyboard 0 Movement Numpad Keybinds 0 Fullscreen 2 Font 18/Terminus Map View 76x50 Zoom Use 0% Tactical HUD 1 Map Filters NONE Filters NONE Steam 1 RUN: 8a8038e1-8e22-47d9-aad5-5e621440f4bc